 Dungeon Crawl Stone Soup version 0.21-a0-578-gc6e9d75 (webtiles) character file.

170 Gaball the Cudgeler (level 5, -2/30 HPs)
             Began as a Kobold Gladiator on Dec 18, 2017.
             Slain by Sigmund
             ... wielding a +0 scythe
              (10 damage)
             ... on level 3 of the Dungeon.
             The game lasted 00:04:07 (1606 turns).

Gaball the Cudgeler (Kobold Gladiator)              Turns: 1606, Time: 00:04:08

Health: -2/30      AC:  7    Str: 12    XL:     5   Next: 80%
Magic:  5/5        EV: 16    Int:  9    God:
Gold:   153        SH:  0    Dex: 17    Spells: 4/4 levels left

rFire    . . .     SeeInvis .   s - +2 flail (crush)
rCold    . . .     Gourm    .   (shield restricted)
rNeg     . . .     Faith    .   r - +2 leather armour {MR+}
rPois    .         Spirit   .   c - +0 helmet
rElec    .         Reflect  .   (no cloak)
rCorr    .         Harm     .   n - +0 pair of gloves
MR       +....                  (no boots)
Stlth    +.........             (no amulet)
HPRegen  0.10/turn              (no ring)
MPRegen  0.09/turn              (no ring)

@: no status effects
A: small, carnivore
a: no special abilities


You were on level 3 of the Dungeon.
You were not hungry.

You visited 1 branch of the dungeon, and saw 3 of its levels.

You collected 153 gold pieces.

Inventory:

Hand Weapons
 a - a +0 flail
 q - a +1 dagger of speed
 s - a +2 flail of crushing (weapon)
Missiles
 d - 3 throwing nets (quivered)
Armour
 b - a +0 leather armour
 c - a +0 helmet (worn)
 l - a +0 ring mail
 n - a +0 pair of gloves (worn)
 r - a +2 leather armour of magic resistance (worn)
Scrolls
 e - a scroll of enchant armour {unknown}
 k - 3 scrolls of blinking
 m - a scroll of remove curse
Potions
 g - a potion of curing {unknown}
 i - 2 potions of ambrosia
 j - a potion of might {unknown}
 o - a potion of cancellation {unknown}
 p - a potion of degeneration {unknown}
Comestibles
 f - 5 rations


   Skills:
 - Level 2.1 Fighting
 + Level 5.5 Maces & Flails
 - Level 2.1 Throwing
 - Level 3.6 Dodging


You had 4 spell levels left.
You didn't know any spells.

Dungeon Overview and Level Annotations

Branches:
Dungeon (3/15)

Altars:
Elyvilon

Annotations:
D:3 Sigmund


Innate Abilities, Weirdness & Mutations

You are small and have problems with some larger weapons.
You are carnivorous and can eat meat at any time.


Message History

Sigmund gestures wildly while chanting.
Sigmund flickers and vanishes!
Deactivating autopickup; reactivate with Ctrl-A.
You sock the dart slug!
You kill the dart slug!
Something hits you but does no damage.
You hear some strange, mumbled words.
A puff of flame appears from out of thin air!
The puff of flame hits you! The jackal completely misses you.
The jackal bites you but does no damage.
You barely miss the jackal. The jackal barely misses you. Something hits you!
* * * LOW HITPOINT WARNING * * *
The jackal closely misses you.
The jackal barks!
You hit something. Something barely misses you. The jackal closely misses you.
You closely miss something.
The jackal bites you but does no damage.
Something hits you!
You die...

.... ........ ....#
.##.#### ....# # .. ....
. # # .. #####..####..
...#.## .## ...........
......† .
...#######.......#
.#.#.## ..
#.......#..{.### #.#.##
... #.#####.#.)@...#
#.....
....##.#####.#..h.#.....
#.#...
..........†.......# ####
#...
######.#####.#........
##.# .....#.#
#.#....#h#. #.. .....#.#
#.#....#.# ... .......#
#.#....... .....
.....### ##.#........
#####
.....#####.#.#.........
##


You could see 2 jackals.

Vanquished Creatures
  An orc wizard (D:3)
  5 adders (D:3)
  An ooze (D:1)
  A worm (D:3)
  2 dart slugs
  4 leopard geckos
  4 orcs (D:3)
  2 giant cockroaches
  7 goblins
  10 hobgoblins
  2 jackals (D:2)
  5 kobolds
  A quokka (D:2)
  4 ball pythons
  8 bats
  5 frilled lizards
  27 rats
89 creatures vanquished.

Vanquished Creatures (others)
  A quokka (D:2)
1 creature vanquished.

Grand Total: 90 creatures vanquished

Notes
Turn   | Place    | Note
-------+----------+-------------------------------------------
     0 | D:1      | Gaball the Kobold Gladiator began the quest for the Orb.
     0 | D:1      | Reached XP level 1. HP: 12/12 MP: 1/1
    97 | D:1      | Reached skill level 3 in Maces & Flails
   142 | D:1      | Reached XP level 2. HP: 11/17 MP: 2/2
   360 | D:1      | Reached XP level 3. HP: 21/21 MP: 3/3
   652 | D:2      | Reached skill level 4 in Maces & Flails
   758 | D:2      | Found a white marble altar of Elyvilon.
   854 | D:2      | Reached XP level 4. HP: 26/26 MP: 4/4
  1315 | D:3      | Reached XP level 5. HP: 28/30 MP: 5/5
  1386 | D:3      | Reached skill level 5 in Maces & Flails
  1591 | D:3      | Noticed Sigmund
  1606 | D:3      | Slain by Sigmund

Vault maps used:
D:1:      giann_wishing_wells, st_stairs_1
D:2:      lemuel_upstairs_altar, elyvilon_altar_4, minmay_misc_feat_ornament,
          minmay_rat_hole
D:3:      uniq_sigmund

Skill      XL: |  1  2  3  4  5 |
---------------+----------------+-----
Maces & Flails | 3 4 5 |  5.5
Fighting       | |  2.1
Throwing       | |  2.1
Dodging        | |  3.6

Action                   |  1- 3 |  4- 6 || total
-------------------------+-------+-------++-------
Melee: Flail             |    94 |   141 ||   235
  Use: Scroll            |       |     4 ||     4
  Eat: Chunk             |       |     5 ||     5
Armor: Leather armour    |     9 |     4 ||    13
       Ring mail         |     9 |    53 ||    62
Dodge: Dodged            |    85 |   131 ||   216

Table legend:
 A = Spawn XP
 B = Non-spawn XP
 C = Spawn XP percentage of total XP
 D = Spawn monster count
 E = Non-spawn monster count
 F = Spawn count percentage of total count
 G = Total turns spent on level
                    A         B        C        D         E        F      G
               +---------+---------+-------+---------+---------+-------+---------
         Total |       0 |     243 |   0.0 |       0 |      89 |   0.0 |  1606
               +---------+---------+-------+---------+---------+-------+---------
           D:1 |       0 |      39 |   0.0 |       0 |      21 |   0.0 |   566
           D:2 |       0 |      56 |   0.0 |       0 |      40 |   0.0 |   648
           D:3 |       0 |     148 |   0.0 |       0 |      28 |   0.0 |   392
               +---------+---------+-------+---------+---------+-------+---------
